Map: [ESL] Crimson Court

Players

Rogue

  • Race: Zerg Zerg
  • Spawn Location: 7:00

Clem - Winner!

  • Race: Terran Terran
  • Spawn Location: 1:00

Event: ESL Spring 2024 Finals

VOD

Have the link to the VOD?

Description

Time

  • Played on: June 1, 2024, 10:47 a.m.
  • Length: 8:50

All games in this series

Show
View Real Time Build Order
Export as new Build Order

Rogue Zerg 

Build Orders: Hatch First 

Get SALT Encoding   

  12  0:00  Drone  
  13  0:12  Overlord  
  13  0:17  Drone  
  14  0:30  Drone x2  
  16  0:47  Hatchery  
  16  0:49  Drone  
  16  0:53  Drone  
  16  0:56  Drone  
  18  1:10  Spawning Pool  
  17  1:13  Drone  
  17  1:17  Drone  
  19  1:28  Drone  
  20  1:39  Drone  
  21  1:48  Hatchery  
  20  1:55  Drone  
  20  1:59  Zergling x2, Queen  
  20  2:01  Zergling x2  
  25  2:09  Queen  
  25  2:11  Zergling x2  
  28  2:16  Overlord  
  28  2:22  Overlord  
  28  2:34  Drone, Queen  
  28  2:35  Drone x2  
  33  2:43  Drone x2  
  35  2:49  Queen  
  37  2:53  Drone  
  37  2:54  Drone  
  39  3:02  Drone  
  39  3:03  Drone  
  41  3:06  Drone  
  41  3:11  Queen  
  44  3:13  Drone, Queen  
  44  3:17  Overlord  
  44  3:19  Drone  
  48  3:22  Drone x2  
  50  3:28  Overlord  
  50  3:36  Drone x5  
  50  3:40  Drone  
  56  3:42  Extractor  
  56  3:43  Drone x3, Extractor  
  56  3:45  Drone  
  58  3:49  Drone  
  58  3:51  Drone  
  58  3:54  Drone, Queen  
  63  3:58  Drone x3  
  66  4:04  Overlord  
  66  4:06  Overlord  
  66  4:09  Overlord  
  66  4:17  Overlord  
  66  4:20  Overlord  
  66  4:25  Drone x3  
  66  4:26  Drone x5  
  66  4:30  Drone x2, Lair  
  76  4:33  Drone x2  
  76  4:34  Drone  
  76  4:35  Drone  
  80  4:39  Drone  
  80  4:42  Extractor x2  
  80  4:43  Drone  
  80  4:44  Extractor x2  
  78  4:47  Evolution Chamber  
  78  4:48  Evolution Chamber  
  78  4:49  Drone x2  
  78  4:54  Drone  
  78  4:56  Roach Warren  
  78  4:59  Drone x2  
  80  5:00  Overlord  
  80  5:08  Overlord  
  80  5:12  Overlord  
  80  5:13  Zerg Ground Armor Level 1, Zerg Missile Weapons Level 1  
  80  5:15  Overlord  
  80  5:20  Overlord  
  79  5:36  Glial Reconstitution  
  79  5:37  Roach x2  
  79  5:38  Roach x9  
  79  5:40  Zergling x2, Roach  
  79  5:41  Zergling x8  
  106  5:46  Roach  
  98  5:52  Roach  
  98  5:54  Roach  
  101  5:58  Roach x2  
  101  6:01  Roach x2  
  101  6:03  Roach  
  111  6:08  Roach  
  111  6:09  Roach  
  115  6:13  Roach  
  115  6:17  Roach  
  118  6:19  Roach  
  118  6:23  Roach  
  118  6:25  Roach  
  118  6:34  Roach x5  
  118  6:39  Overlord, Ravager  
  129  6:42  Ravager  
  129  6:43  Overlord  
  129  6:44  Overlord  
  130  6:47  Roach  
  130  6:49  Roach  
  130  6:55  Roach  
  130  6:57  Roach  
  130  6:58  Ravager x2  
  130  7:00  Roach  
  130  7:01  Roach  
  140  7:02  Overlord  
  140  7:04  Roach  
  136  7:11  Roach  
  136  7:12  Roach x2  
  136  7:14  Roach x2  
  136  7:15  Roach  
  124  7:17  Roach x2  
  124  7:18  Roach  
  124  7:21  Roach  
  116  7:26  Roach  
  116  7:27  Roach  
  116  7:28  Roach x2  
  113  7:30  Roach  
  113  7:33  Roach  
  113  7:36  Ravager  
  118  7:38  Roach  
  118  7:39  Roach  
  118  7:41  Roach  
  118  7:42  Roach  
  126  7:46  Roach  
  126  7:47  Roach  
  126  7:50  Roach  
  124  7:52  Roach  
  126  8:00  Drone  
  126  8:02  Ravager  
  126  8:03  Ravager  
  126  8:04  Ravager  
  130  8:06  Roach  
  130  8:08  Roach  
  130  8:12  Roach x2  
  138  8:13  Roach  
  138  8:16  Roach x2  
  138  8:19  Roach  
  146  8:20  Roach  
  146  8:21  Roach  
  146  8:23  Roach  
  146  8:26  Roach x2  
  156  8:29  Roach  
Show
View Real Time Build Order
Export as new Build Order

Clem Terran - Winner!

Build Orders: Reaper Expand 

Get SALT Encoding   

  12  0:00  SCV  
  13  0:12  SCV  
  14  0:16  Supply Depot  
  14  0:24  SCV  
  15  0:38  SCV  
  15  0:40  Barracks  
  15  0:42  Refinery  
  16  0:50  SCV  
  17  1:02  SCV  
  18  1:14  SCV  
  19  1:27  Orbital Command, Reaper  
  20  1:38  Command Center  
  20  1:46  Supply Depot  
  20  1:52  SCV  
  21  1:58  Marine  
  22  2:04  SCV  
  23  2:10  Factory  
  23  2:16  SCV  
  23  2:19  Barracks Reactor  
  24  2:28  SCV  
  25  2:38  Command Center  
  25  2:43  SCV  
  26  2:50  Orbital Command  
  26  2:55  SCV  
  27  3:01  Barracks  
  27  3:02  Barracks Tech Lab  
  27  3:07  SCV  
  27  3:08  Hellion  
  27  3:12  Hellion  
  32  3:16  SCV  
  32  3:19  SCV  
  34  3:22  Marine, Refinery  
  34  3:25  Stimpack  
  35  3:28  SCV  
  35  3:31  SCV  
  37  3:40  SCV, Marine  
  39  3:43  SCV  
  40  3:50  Orbital Command, Starport  
  40  3:53  SCV  
  40  3:55  Factory Reactor  
  40  3:56  SCV  
  40  3:57  Marine x3  
  40  4:02  Supply Depot  
  44  4:05  SCV  
  44  4:08  SCV  
  46  4:15  Marine x2  
  46  4:17  SCV x2  
  49  4:18  Marine  
  49  4:20  SCV  
  52  4:25  Orbital Command  
  52  4:27  Supply Depot  
  52  4:29  SCV  
  53  4:32  SCV, Marine  
  53  4:34  Medivac x2  
  53  4:36  Factory Tech Lab  
  53  4:37  Engineering Bay  
  53  4:38  Engineering Bay  
  59  4:39  Marine x2  
  59  4:41  SCV  
  59  4:42  Refinery  
  59  4:44  SCV  
  63  4:50  Supply Depot, Barracks  
  63  4:51  SCV  
  64  4:52  Refinery  
  64  4:53  Marine  
  64  4:55  SCV  
  64  4:56  Marine  
  64  4:57  SCV  
  68  5:00  Marine  
  68  5:03  SCV  
  68  5:05  Combat Shield  
  70  5:07  SCV  
  70  5:10  SCV, Marine  
  70  5:13  Supply Depot  
  73  5:14  Marine  
  73  5:16  SCV  
  73  5:18  Marine  
  73  5:19  Supply Depot, SCV  
  77  5:21  Supply Depot  
  77  5:22  Terran Infantry Weapons Level 1, Terran Infantry Armor Level 1  
  77  5:25  SCV  
  78  5:30  Starport Reactor  
  78  5:33  SCV  
  78  5:35  Barracks  
  79  5:36  Barracks  
  79  5:37  Marine  
  79  5:40  Marine  
  79  5:41  Siege Tank  
  79  5:42  SCV  
  85  5:44  Marine  
  85  5:48  Marine x2  
  84  5:50  SCV  
  84  5:53  SCV  
  84  5:54  Supply Depot  
  84  5:55  SCV, Marine  
  88  5:58  Marine  
  88  6:00  Supply Depot  
  88  6:02  SCV, Marine  
  91  6:05  Supply Depot, SCV  
  91  6:06  Marine x2  
  91  6:07  SCV  
  91  6:08  Medivac  
  91  6:09  Medivac  
  99  6:13  Factory  
  99  6:14  SCV  
  99  6:16  Marine  
  99  6:17  SCV  
  102  6:20  Marine x2  
  102  6:22  SCV  
  102  6:23  Marine  
  102  6:24  Siege Tank, Marine  
  102  6:25  Barracks Reactor  
  109  6:27  SCV  
  109  6:32  SCV, Barracks Reactor  
  111  6:33  Marine, Refinery  
  111  6:34  SCV  
  111  6:35  Supply Depot  
  111  6:38  Marine  
  111  6:39  Supply Depot, Marine  
  114  6:40  SCV  
  114  6:41  Marine  
  114  6:42  Marine  
  114  6:44  Bunker  
  116  6:48  Bunker  
  116  6:52  Marine, Medivac x2  
  121  6:56  Marine  
  121  6:58  Supply Depot  
  121  6:59  Supply Depot  
  122  7:01  Marine  
  122  7:03  Marine, Armory  
  122  7:04  Marine  
  122  7:06  Factory Tech Lab  
  120  7:10  Siege Tank, Marine  
  120  7:11  Marine  
  120  7:12  Marine x2  
  120  7:14  Marine  
  113  7:17  Marine  
  113  7:19  Marine  
  113  7:22  Marine, Medivac  
  106  7:23  Marine  
  106  7:26  Siege Tank  
  106  7:28  Marine  
  106  7:29  Marine  
  107  7:30  Marine x2  
  107  7:32  Marine  
  107  7:35  Marine  
  107  7:37  Marine, Medivac  
  112  7:39  Marine  
  112  7:42  Marine  
  115  7:46  Marine  
  115  7:47  Marine  
  115  7:48  Marine x2  
  116  7:51  Marine  
  116  7:54  SCV x3  
  116  7:56  Marine  
  116  7:57  Marine x2  
  124  7:58  Bunker  
  124  8:00  Marine  
  124  8:01  Siege Tank  
  124  8:04  Marine  
  129  8:06  SCV x2  
  129  8:07  SCV, Marine, Siege Tank  
  129  8:11  Marine x2  
  129  8:12  Supply Depot, Marine  
  139  8:14  Marine x2  
  139  8:17  Marine  
  140  8:22  Marine  
  140  8:23  Marine  
  140  8:25  Marine  
  143  8:27  Supply Depot  
  143  8:28  Marine  
  143  8:29  Marine  
  143  8:30  Refinery  
  143  8:31  Marine  
Tags
 
Add a new tag
Caveats
  • Supply blocks, unpowered buildings, or Contaminate may cause inaccurate times.
  • Supply counts are checked every 10 seconds.